 Dungeon Crawl Stone Soup version 0.24-a0-434-gd57e52fea8 (webtiles) character file.

Game seed: 9879270662581991772

10894 theanonym the Destroyer (level 11, -5/70 HPs)
             Began as an Octopode Wizard on June 16, 2019.
             Was a Believer of Vehumet.
             Hit by a silver javelin thrown by a minotaur (32 damage)
             ... in a Gauntlet.
             The game lasted 00:32:56 (19285 turns).

theanonym the Destroyer (Octopode Wizard)          Turns: 19285, Time: 00:32:57

Health: -5/70      AC:  4    Str:  7    XL:     11   Next: 69%
Magic:  2/24       EV: 13    Int: 23    God:    Vehumet [**....]
Gold:   460        SH:  0    Dex: 11    Spells: 13/29 levels left

rFire    + . .     SeeInvis .   A - +2 dagger (chaos)
rCold    . . .     Gourm    .   (no shield)
rNeg     . . .     Faith    .   a - +1 hat
rPois    .         Spirit   .   (no amulet)
rElec    .         Reflect  .   c - ring of flight
rCorr    +         Harm     .   y - ring of protection from fire
MR       +....     NoTele   +   i - +2 ring of protection
Stlth    +++.......             D - ring of resist corrosion
HPRegen  0.21/turn              G - ring of protection from magic
MPRegen  0.19/turn              (no ring)
                                (no ring)
                                (no ring)

@: drained
A: almost no armour, stealthy swim, amphibious, 8 rings, constrict 8, camouflage
1, gelatinous body 1
a: Renounce Religion, Evoke Flight


Innate Abilities, Weirdness & Mutations

You cannot wear most types of armour.
You are very stealthy in the water. (Stealth+)
You are amphibious.
You can wear up to eight rings at the same time.
You can use your tentacles to constrict eight enemies at once.
Your skin changes colour to match your surroundings (Stealth+).
Your rubbery body absorbs attacks. (AC +1, EV +1)


   Skills:
 + Level 4.8(4.1) Fighting
 - Level 2.0(1.3) Dodging
 - Level 2.6(2.0) Stealth
 + Level 9.5(8.7) Spellcasting
 + Level 9.8(9.0) Conjurations
   Level 1.0(0.3) Summonings
 - Level 3.0(2.3) Translocations
 + Level 9.4(8.6) Fire Magic
 - Level 3.0(2.3) Air Magic
 - Level 3.0(2.3) Poison Magic


You had 13 spell levels left.
You knew the following spells:

 Your Spells              Type           Power        Failure   Level  Hunger
a - Throw Flame           Conj/Fire      ######       1%          2    None
b - Iskenderun's Mystic   Conj           ######..     1%          4    ##.....
c - Conjure Flame         Conj/Fire      ######..     1%          3    None
d - Mephitic Cloud        Conj/Pois/Air  ####....     3%          3    None
e - Sandblast             Erth           ##....       6%          1    None
f - Magic Dart            Conj           ####         1%          1    None
l - Blink                 Tloc           N/A          3%          2    None

Your spell library contained the following spells:

 Spells                   Type           Power        Failure   Level  Hunger
 Searing Ray              Conj           ######       1%          2    None
 Dazzling Spray           Conj/Hex       ####..       3%          3    None
 Beastly Appendage        Tmut           ##....       6%          1    None
 Force Lance              Conj/Tloc      #####...     6%          4    ##.....
 Call Imp                 Summ           ##......     9%          2    None
 Slow                     Hex            ##......     10%         2    None
 Sticks to Snakes         Tmut           ##......     10%         2    None
 Fulminant Prism          Conj/Hex       ####......   10%         4    ##.....
 Spider Form              Tmut/Pois      ###.......   12%         3    None
 Ice Form                 Ice/Tmut       ##......     54%         4    ##.....
 Blade Hands              Tmut           ##........   87%         5    ####...

Skill      XL: |  1  2  3  4  5  6  7  8  9 10 11 |
---------------+----------------------------------+-----
Conjurations   | 2 3 4 5 7 9 |  9.8
Fire Magic     | 1 2 3 5 7 8 9 |  9.4
Spellcasting   | 4 6 7 8 9 |  9.5
Air Magic      | 1 2 3 |  3.0
Poison Magic   | 1 2 3 |  3.0
Translocations | 2 3 |  3.0
Fighting       | 2 4 |  4.8
Dodging        | |  2.0
Stealth        | |  2.6
Summonings     | |  1.0

Action                   |  1- 3 |  4- 6 |  7- 9 | 10-12 || total
-------------------------+-------+-------+-------+-------++-------
Melee: Unarmed           |     7 |       |       |       ||     7
       Constrict         |     3 |    26 |    13 |    16 ||    58
       Tentacles         |     3 |    22 |    10 |    10 ||    45
       Dagger            |       |   106 |    65 |    98 ||   269
 Cast: Magic Dart        |    68 |   136 |   327 |   244 ||   775
       Conjure Flame     |     1 |     1 |     6 |    10 ||    18
       Mephitic Cloud    |       |     8 |    26 |    15 ||    49
       Iskenderun's Myst |       |       |     9 |    64 ||    73
       Blink             |       |       |     5 |    19 ||    24
       Sandblast         |       |       |       |     3 ||     3
       Throw Flame       |       |       |       |     6 ||     6
 Abil: Evoke Flight      |       |       |     1 |       ||     1
Evoke: Wand              |       |     3 |    16 |    10 ||    29
  Use: Scroll            |       |     2 |    11 |     5 ||    18
       Potion            |       |       |     3 |     9 ||    12
 Stab: Sleeping          |       |     3 |       |     1 ||     4
       Confused          |       |     5 |     3 |     2 ||    10
  Eat: Chunk             |     2 |     4 |     5 |    10 ||    21
       Ration            |       |     3 |     6 |     3 ||    12
Armor: Skin              |     4 |     1 |    13 |   108 ||   126
Dodge: Dodged            |    26 |    78 |   124 |   146 ||   374

Inventory:

Hand Weapons
 f - a +0 dagger
 m - a +2 dagger of holy wrath
 A - a +2 dagger of chaos (weapon)
Missiles
 F - 108 stones (quivered)
Armour
 a - a +1 hat (worn)
Jewellery
 c - a ring of flight (left tentacle)
 g - an uncursed ring of protection from cold {unknown}
 i - a +2 ring of protection (on tentacle)
 y - a ring of protection from fire (right tentacle)
 D - a ring of resist corrosion (on tentacle)
 G - a ring of protection from magic (on tentacle)
Wands
 s - a wand of polymorph (8)
 v - a wand of acid (11)
 x - a wand of scattershot (1)
Scrolls
 n - 5 scrolls of remove curse
 t - 3 scrolls of teleportation
 z - 2 scrolls of amnesia
 B - 3 scrolls of blinking
Potions
 b - a potion of ambrosia {unknown}
 d - a potion of flight
 j - 2 potions of agility
 o - 2 potions of magic
 p - a potion of mutation {unknown}
 u - 2 potions of cancellation
 w - 4 potions of curing
 C - 2 potions of berserk rage {unknown}
Comestibles
 e - 4 rations You were in a Gauntlet. You worshipped Vehumet. Vehumet was pleased with you. You were not hungry. You visited 3 branches of the dungeon, and saw 13 of its levels. You also visited: Gauntlet. You collected 616 gold pieces. You spent 156 gold pieces at shops.

Dungeon Overview and Level Annotations

Branches:
Dungeon (11/15)            Temple (1/1) D:6            Lair (1/6) D:10
    Orc (0/2) D:9

Altars:
Ashenzari
Cheibriados
Elyvilon
Gozag
Hepliaklqana
Nemelex Xobeh
Okawaru
Qazlal
Ru
Sif Muna
Vehumet
Xom
Yredelemnul
Zin

Shops:
D:6 !   D:8 *   D:10 (

Annotations:
D:4 Pikel
D:10 2 transporters, Iwannabefree's ghost, journeyman NaSk Gauntlet 1 runed translucent door, 8 transporters

##.♣..##...#
©#.PP..#.♣.#############
##..P♣.#...##..........#
##...P.#.©.##.########.#
b#.....#...##.#......#.#
##.....#.©.##.#°#***,#.#
....∩..#......#H#∩,,,#.#
##.....#.©.####.######.#
.#.....#...# #.@......#
[#.....#.©.# ##########
##..P♣.#...#
©#.....#.♣.#
##.♣..##...#
(#...###.♣.#
.#...≈##...#
##...≈≈#*#*# ...♣.≈##


You could see a minotaur.

Notes
Turn   | Place    | Note
-------+----------+-------------------------------------------
     0 | D:1      | theanonym the Octopode Wizard began the quest for the Orb.
     0 | D:1      | Reached XP level 1. HP: 11/11 MP: 4/4
   146 | D:1      | HP: 4/11 [kobold/+0 dagger (4)]
   491 | D:1      | Reached XP level 2. HP: 17/17 MP: 3/6
   647 | D:1      | Learned a level 2 spell: Blink
   836 | D:2      | Reached skill level 2 in Conjurations
   836 | D:2      | Reached XP level 3. HP: 21/21 MP: 0/7
   905 | D:2      | Learned a level 3 spell: Conjure Flame
   941 | D:2      | Found a hazy altar of Hepliaklqana.
   942 | D:2      | Found a shimmering altar of Xom.
   942 | D:2      | Noticed a tentacled monstrosity
   943 | D:2      | Noticed a tentacled monstrosity
   943 | D:2      | Noticed a spectral ugly thing
  1169 | D:2      | HP: 9/21 [adder (3)]
  1565 | D:2      | Reached XP level 4. HP: 27/27 MP: 0/9
  2220 | D:3      | Learned a level 3 spell: Mephitic Cloud
  2286 | D:3      | Reached skill level 1 in Fire Magic
  2423 | D:3      | Found a glowing silver altar of Zin.
  2849 | D:3      | Reached skill level 4 in Spellcasting
  2908 | D:3      | Reached XP level 5. HP: 28/31 MP: 1/11
  3173 | D:3      | Reached skill level 3 in Conjurations
  3421 | D:4      | Reached skill level 1 in Air Magic
  3421 | D:4      | Reached skill level 1 in Poison Magic
  3496 | D:4      | Noticed Ijyb
  3611 | D:4      | Noticed Natasha
  3626 | D:4      | Killed Natasha
  3922 | D:4      | Reached XP level 6. HP: 32/36 MP: 2/12
  4104 | D:4      | Noticed a slave
  4104 | D:4      | Noticed a slave
  4124 | D:4      | Killed a slave
  4293 | D:4      | Noticed Pikel
  4301 | D:4      | HP: 18/36 [Pikel/+1 whip of freezing (6)]
  4303 | D:4      | Noticed a slave
  4330 | D:4      | HP: 17/36 [adder (3)]
  4620 | D:4      | Reached skill level 2 in Translocations
  4629 | D:4      | Killed Ijyb
  4629 | D:4      | Reached skill level 2 in Fire Magic
  4795 | D:4      | Noticed Natasha
  4808 | D:4      | Killed Natasha
  4852 | D:4      | Noticed a slave
  4874 | D:4      | Killed a slave
  4951 | D:4      | Killed a slave
  4971 | D:4      | Killed a slave
  4978 | D:4      | Noticed Pikel
  4978 | D:4      | Pikel changed into Pikel the troll
  4980 | D:4      | Noticed Pikel
  4980 | D:4      | Pikel the troll changed into Pikel the rime drake
  4982 | D:4      | HP: 12/36 [Pikel the rime drake/flash freeze (10)]
  4998 | D:5      | Entered Level 5 of the Dungeon
  5193 | D:5      | Reached skill level 2 in Poison Magic
  5354 | D:5      | Noticed a phantom
  5364 | D:5      | Killed a phantom
  5364 | D:5      | Reached skill level 2 in Air Magic
  5364 | D:5      | Reached XP level 7. HP: 35/41 MP: 3/13
  5479 | D:5      | HP: 14/41 [phantom (10)]
  5703 | D:5      | Found a sacrificial altar of Ru.
  5825 | D:5      | Reached skill level 3 in Translocations
  5923 | D:5      | Found a shimmering altar of Xom.
  5972 | D:5      | Found a shimmering altar of Xom.
  6060 | D:5      | Reached skill level 4 in Conjurations
  6125 | D:5      | Found a deep blue altar of Sif Muna.
  6125 | D:5      | Found a shattered altar of Ashenzari.
  6234 | D:5      | Reached skill level 3 in Poison Magic
  6244 | D:5      | HP: 19/41 [shadow imp/nerve-wracking pain (11)]
  6568 | D:6      | Reached skill level 3 in Fire Magic
  6641 | D:6      | Reached XP level 8. HP: 40/46 MP: 9/15
  6689 | D:5      | HP: 23/46 [poisoned by a worker ant]
  6690 | D:5      | HP: 11/46 [worker ant (6)]
  6694 | D:5      | Reached skill level 3 in Air Magic
  6968 | D:6      | HP: 8/46 [orc warrior/boomerang (18)]
  7435 | D:6      | Found a staircase to the Ecumenical Temple.
  7445 | Temple   | Entered the Ecumenical Temple
  7451 | Temple   | HP: 23/46 [bullfrog (1)]
  7453 | Temple   | Became a worshipper of Vehumet
  7456 | Temple   | Reached skill level 5 in Spellcasting
  7667 | D:6      | Found a stormy altar of Qazlal.
  8017 | D:6      | Found Gexiz's Distillery.
  8020 | D:6      | Bought a potion of haste for 120 gold pieces
  8020 | D:6      | Bought a potion of lignification for 36 gold pieces
  8131 | D:6      | Reached skill level 5 in Conjurations
  8131 | D:6      | Reached skill level 4 in Fire Magic
  8357 | D:6      | Found a deep blue altar of Sif Muna.
  8572 | D:6      | HP: 15/46 [centaur/arrow (10)]
  8579 | D:6      | HP: 14/46 [centaur (2)]
  9863 | D:7      | Reached skill level 6 in Spellcasting
  9863 | D:7      | Reached skill level 5 in Fire Magic
  9878 | D:7      | Found a basalt altar of Yredelemnul.
 10285 | D:8      | Reached XP level 9. HP: 30/51 MP: 7/18
 10465 | D:8      | Reached skill level 6 in Conjurations
 10551 | D:8      | Found a sparkling altar of Nemelex Xobeh.
 10551 | D:8      | Found a white marble altar of Elyvilon.
 10593 | D:8      | HP: 24/51 [killer bee (7)]
 10599 | D:7      | HP: 21/51 [poisoned by a killer bee]
 10605 | D:7      | HP: 19/51 [poisoned by a killer bee]
 10612 | D:7      | HP: 19/51 [poisoned by a killer bee]
 10620 | D:7      | HP: 18/51 [poisoned by a killer bee]
 10869 | D:8      | Found Qudic's Mayhem Merchandise.
 10869 | D:8      | HP: 25/51 [poisoned by a killer bee]
 10873 | D:8      | Reached * piety under Vehumet
 10873 | D:8      | Offered knowledge of Shock by Vehumet.
 10874 | D:8      | HP: 23/51 [poisoned by a killer bee]
 10879 | D:8      | HP: 21/51 [poisoned by a killer bee]
 10881 | D:8      | Noticed a queen bee
 10886 | D:8      | HP: 12/51 [poisoned by a killer bee]
 10894 | D:8      | HP: 12/51 [poisoned by a killer bee]
 10917 | D:8      | HP: 9/51 [killer bee (7)]
 10922 | D:8      | HP: 5/51 [killer bee (4)]
 11239 | D:8      | HP: 25/51 [poisoned by a killer bee]
 11247 | D:8      | HP: 25/51 [poisoned by a killer bee]
 11553 | D:8      | HP: 19/51 [killer bee (10)]
 11747 | D:9      | Learned a level 4 spell: Iskenderun's Mystic Blast
 11779 | D:8      | HP: 25/51 [killer bee (5)]
 11780 | D:8      | Reached skill level 6 in Fire Magic
 11784 | D:8      | HP: 22/51 [poisoned by a killer bee]
 11789 | D:8      | HP: 19/51 [poisoned by a killer bee]
 11794 | D:8      | HP: 18/51 [poisoned by a killer bee]
 11799 | D:8      | HP: 16/51 [poisoned by a killer bee]
 11807 | D:8      | HP: 16/51 [poisoned by a killer bee]
 12031 | D:8      | a queen bee changed into a hog
 12448 | D:8      | Found Qudic's Mayhem Merchandise.
 12805 | D:8      | Found a sparkling altar of Nemelex Xobeh.
 12805 | D:8      | Found a white marble altar of Elyvilon.
 13073 | D:8      | Reached skill level 7 in Spellcasting
 13073 | D:8      | Reached skill level 7 in Conjurations
 13501 | D:9      | HP: 25/51 [yak (10)]
 13789 | D:9      | Reached skill level 7 in Fire Magic
 13789 | D:9      | Reached XP level 10. HP: 56/56 MP: 3/21
 14029 | D:9      | Noticed Psyche
 14042 | D:9      | Killed Psyche
 14043 | D:9      | Noticed a two-headed ogre
 14194 | D:9      | Killed a two-headed ogre
 14194 | D:9      | Reached skill level 8 in Spellcasting
 14194 | D:9      | Reached skill level 8 in Conjurations
 14756 | D:9      | Offered knowledge of Sandblast by Vehumet.
 14856 | D:9      | Learned a level 1 spell: Sandblast
 14863 | D:9      | Found a staircase to the Orcish Mines.
 14897 | D:9      | Reached ** piety under Vehumet
 15350 | D:9      | Reached skill level 8 in Fire Magic
 15481 | D:9      | Noticed a two-headed ogre
 15513 | D:9      | Killed a two-headed ogre
 15513 | D:9      | Reached skill level 1 in Fighting
 15840 | D:10     | Entered Level 10 of the Dungeon
 15868 | D:9      | Reached skill level 2 in Fighting
 16186 | D:10     | Found a transporter.
 16451 | D:10     | HP: 25/61 [komodo dragon (32)]
 16473 | D:9      | Reached skill level 9 in Conjurations
 16734 | D:10     | Reached XP level 11. HP: 60/66 MP: 17/23
 16767 | D:10     | Found a staircase to the Lair.
 17090 | D:10     | Found Sozouzuxt's Antique Weapon Emporium.
 17099 | D:10     | Reached skill level 3 in Fighting
 17402 | D:10     | HP: 30/67 [yak (14)]
 17405 | D:10     | Reached skill level 9 in Spellcasting
 17909 | D:10     | Noticed a moth of wrath
 17910 | D:10     | Noticed Iwannabefree's ghost (journeyman NaSk)
 17922 | D:10     | Found a transporter.
 18145 | D:10     | HP: 34/68 [poisoned by a water moccasin]
 18150 | D:10     | HP: 28/68 [poisoned by a water moccasin]
 18155 | D:10     | HP: 23/68 [poisoned by a water moccasin]
 18161 | D:10     | HP: 20/68 [poisoned by a water moccasin]
 18167 | D:10     | HP: 18/68 [poisoned by a water moccasin]
 18172 | D:10     | HP: 17/68 [poisoned by a water moccasin]
 18180 | D:10     | HP: 17/68 [poisoned by a water moccasin]
 18463 | Lair:1   | Entered Level 1 of the Lair of Beasts
 18498 | Lair:1   | Found a gate leading to a gauntlet.
 18507 | Gauntlet | Entered a Gauntlet
 18507 | Gauntlet | Found a runed translucent door.
 18507 | Gauntlet | Found a transporter.
 18507 | Gauntlet | Found a runed translucent door.
 18507 | Gauntlet | Noticed a necromancer
 18514 | Gauntlet | Found a transporter.
 18517 | Gauntlet | Found a transporter.
 18523 | Gauntlet | Noticed a moth of wrath
 18525 | Gauntlet | Found a transporter.
 18527 | Gauntlet | Found a transporter.
 18535 | Gauntlet | Found a transporter.
 18537 | Gauntlet | Found the +1 cloak of Starlight {rElec rC+ EV+4 Stlth--}
 18556 | Gauntlet | Noticed a green death
 18557 | Gauntlet | Found a transporter.
 18567 | Gauntlet | Found a transporter.
 18577 | Gauntlet | Found a transporter.
 18597 | Gauntlet | Found a transporter.
 18612 | Gauntlet | Found a transporter.
 18657 | Gauntlet | Noticed a hell hog
 18661 | Gauntlet | Found a transporter.
 18677 | Gauntlet | Found a transporter.
 18680 | Gauntlet | Found a transporter.
 18771 | Gauntlet | Killed a necromancer
 18771 | Gauntlet | Reached skill level 9 in Fire Magic
 18771 | Gauntlet | Reached skill level 4 in Fighting
 18826 | Gauntlet | HP: 47/103 [wolf (5)]
 18834 | Gauntlet | HP: 48/103 [moth of wrath (1)]
 18838 | Gauntlet | Killed a moth of wrath
 18839 | Gauntlet | HP: 36/103 [wolf (3)]
 18844 | Gauntlet | HP: 15/69 [wolf (6)]
 18848 | Gauntlet | HP: 4/69 [wolf (8)]
 18855 | Gauntlet | HP: 2/69 [wolf (2)]
 18860 | Gauntlet | Offered knowledge of Throw Flame by Vehumet.
 18864 | Gauntlet | Learned a level 2 spell: Throw Flame
 19236 | Gauntlet | Killed a green death
 19278 | Gauntlet | Noticed a minotaur
 19284 | Gauntlet | HP: 27/70 [minotaur/+2 short sword of draining (9)]
 19285 | Gauntlet | Hit by a silver javelin thrown by a minotaur

Vanquished Creatures
  A green death (Gauntlet)
  2 two-headed ogres (D:9)
  A necromancer (Gauntlet)
  A moth of wrath (Gauntlet)
  2 orange demons (Gauntlet)
  Psyche (D:9)
  A komodo dragon (D:9)
  A troll (D:10)
  2 hippogriffs (D:10)
  A hog (D:8)
  5 yaks
  A water moccasin (D:10)
  3 orc warriors
  2 sky beasts
  An ice beast (D:9)
  3 black bears
  A necrophage (D:9)
  2 ogres
  4 slaves (D:4)
  2 phantoms (D:5)
  A centaur (D:6)
  11 wolves (Gauntlet)
  2 crocodiles (D:10)
  4 big kobolds (D:9)
  5 bullfrogs
  A wyvern skeleton (D:9)
  2 scorpions
  16 killer bees (D:8)
  2 howler monkeys (D:9)
  8 wights
  4 crimson imps
  A quasit (D:9)
  4 hounds
  3 jellies
  2 orc wizards
  3 orc priests
  A gnoll shaman (D:7)
  4 bullfrog skeletons
  Ijyb (D:4)
  Natasha (twice) (D:4)
  An iguana (D:7)
  6 worker ants
  A killer bee zombie (D:10)
  A hound skeleton (D:9)
  2 worker ant zombies
  3 gnolls (D:7)
  11 adders
  3 shadow imps (D:5)
  An adder zombie (D:5)
  An adder skeleton (D:7)
  3 worms
  3 dart slugs
  4 leopard geckos
  22 orcs
  9 bats
  5 giant cockroaches
  3 goblins
  6 hobgoblins
  6 jackals
  22 kobolds
  5 quokkas
  3 frilled lizards
  A leopard gecko skeleton (D:5)
  6 rats
242 creatures vanquished.

Vanquished Creatures (collateral kills)
  A killer bee (D:8)
1 creature vanquished.

Vanquished Creatures (others)
  A killer bee (D:8)
1 creature vanquished.

Grand Total: 244 creatures vanquished

Table legend:
 A = Turns spent in this place as a percentage of turns spent in the entire game.
 B = Non-inter-level travel turns spent in this place as a percentage of non-inter-level travel turns spent in the entire game.
 C = Inter-level travel turns spent in this place as a percentage of turns spent in this place.
 D = Turns resting spent in this place as a percentage of non-inter-level travel turns spent in this place.
 E = Turns spent auto-exploring this place as a percentage of non-inter-level travel turns spent in this place.
 F = Non-inter-level travel turns spent in this place divided by the number of levels of this place that you've seen.
                   A       B       C       D       E      F
               +-------+-------+-------+-------+-------+----------------------
         Total | 100.0 | 100.0 |   3.4 |  51.4 |  34.1 | 1330.1
       Dungeon |  94.7 |  94.5 |   3.6 |  51.5 |  34.5 | 1600.5
        Temple |   1.0 |   1.1 |   2.5 |  93.4 |   0.0 | 196.0
          Lair |   0.2 |   0.2 |   2.3 |   0.0 |  81.4 |  43.0
      Gauntlet |   4.0 |   4.2 |   0.0 |  42.8 |  31.4 | 778.0
               +-------+-------+-------+-------+-------+----------------------
